 Dungeon Crawl Stone Soup version 0.30.1-3-gfc49f6343a (webtiles) character file.

Game seed: 14898582273963398561

9691 groda1 the Grappler (level 11, -2/110 HPs)
             Began as a Troll Berserker on July 19, 2023.
             Was an Elder of Trog.
             Slain by an ogre
             ... wielding a +0 giant club
              (9 damage)
             ... on level 1 of the Orcish Mines.
             The game lasted 00:27:29 (10028 turns).

groda1 the Grappler (Troll Berserker)              Turns: 10028, Time: 00:27:29

Health: -2/110     AC: 11    Str: 31    XL:     11   Next: 26%
Magic:  14/14      EV: 10    Int:  3    God:    Trog [****..]
Gold:   919        SH:  0    Dex:  9    Spells: 10/10 levels left

rFire   + .          .
                       - Unarmed
rCold   . . .        (no shield)
rNeg    . . .        s - +0 swamp dragon scales
rPois   +            (helmet restricted)
rElec   .            g - +0 cloak
rCorr   .            (gloves unavailable)
SInv    .            (boots unavailable)
Will    ++...        (no amulet) Stlth
                     j - ring of protection from fire
HPRegen 2.18/turn    w - ring of flight
MPRegen 0.14/turn

%: no passive effects
@: strong-willed, flying, regenerating, invisible
A: large, unfitting armour, claws 3, regeneration 1, shaggy fur 1, tough skin 1
a: Renounce Religion, Berserk, Trog's Hand, Brothers in Arms


You were on level 1 of the Orcish Mines.
You worshipped Trog.
Trog was greatly pleased with you.
You visited 3 branches of the dungeon, and saw 12 of its levels.

You collected 1117 gold pieces.
You spent 198 gold pieces at shops.

Inventory:

Hand Weapons
 e - a +0 halberd
Missiles
 l - 7 large rocks (quivered)
 r - 4 throwing nets
Armour
 d - a +0 troll leather armour
 g - a +0 cloak (worn)
 s - +0 swamp dragon scales (worn)
Jewellery
 j - a ring of protection from fire (left claw)
 w - a ring of flight (right claw)
Wands
 q - a wand of paralysis (28)
 u - a wand of flame (39)
Scrolls
 a - 2 scrolls of identify
 b - 2 scrolls of teleportation
 c - a scroll of fog
 v - a scroll of enchant weapon
Potions
 f - 2 potions of attraction
 h - a potion of mutation
 k - 3 potions of flight
 n - 3 potions of curing
 o - a potion of might
 p - 4 potions of lignification
 t - a potion of magic


   Skills:
 + Level 7.7 Fighting
 + Level 6.4 Throwing
 + Level 3.2 Armour
 - Level 6.8 Dodging
 + Level 9.3 Unarmed Combat
 + Level 5.6 Invocations


You had 10 spell levels left.
You didn't know any spells.
Your spell library was empty.

Dungeon Overview and Level Annotations

Branches:
Dungeon (9/15)             Temple (1/1) D:6            Lair (0/5) D:8
    Orc (2/2) D:9             Elf (0/3) Orc:2

Altars:
Ashenzari
Cheibriados
Dithmenos
Elyvilon
Fedhas
Gozag
Kikubaaqudgha
Makhleb
Nemelex Xobeh
Okawaru
Qazlal
Ru
Sif Muna
Trog
Uskayaw
Vehumet
Wu Jian
Xom
Zin
The Shining One

Shops:
Orc:2 *

Annotations:
Orc:1 Josephine


Innate Abilities, Weirdness & Mutations

You are too large for most types of armour.
You have claws for hands.
Your natural rate of healing is unusually fast.
You are covered in fur. (AC +1)
You have tough skin. (AC +1)


Message History

a +0 giant club; a +0 giant club; a two-headed ogre corpse You see here a +0 giant club.
You feel your anger nearly subside.
You are no longer berserk.
You are exhausted.
You feel yourself slow down.
You start resting.
HP restored.
You start waiting.
You feel yourself speed up.
You start waiting.
You recover from your berserk rage.
There is a stone staircase leading down, spattered with blood here.
You fly downwards.
The ogre closely misses you. x2
The ogre hits you with a +0 giant club!!
The ogre barely misses you.
There is a stone staircase leading up, spattered with blood here.
Unknown command.
The ogre closely misses you. The troll completely misses you.
The troll claws you! The troll barely misses you. The ogre closely misses you.
The ogre hits you with a +0 giant club!! x2
* * * LOW HITPOINT WARNING * * *
The ogre hits you with a +0 giant spiked club!
* * * LOW HITPOINT WARNING * * *
The ogre barely misses you.
You hear a shout!
You fly upwards.
Level annotation: Josephine
There is a stone staircase leading down, spattered with blood here.
Okay, then.
You fade into invisibility!
The troll bites you.
* * * LOW HITPOINT WARNING * * *
The troll claws you!
* * * LOW HITPOINT WARNING * * *
The troll barely misses you. The ogre barely misses you.
Okay, then.
Your skin crawls.
You feel strong-willed. The ogre hits you with a +0 giant club!
You die...

### ##.## #...##
##....## ###......#
###.......####
##........OOO.##
#.........T@...##
#.......#.OO)O..#
###......##.......##
#........###.......#
##........#.......##
###......#.......######
#...............#.#.#
###..........#.#....###
##......#######.#.#.#


You could see a troll (unable to see you) and 6 ogres.

Vanquished Creatures
  4 two-headed ogres
  An orc sorcerer (Orc:2)
  A cyclops (Orc:2)
  Maggie (D:7)
  2 trolls (Orc:2)
  11 yaks
  Eustachio (D:6)
  A warg (Orc:2)
  A water moccasin (D:8)
  10 orc warriors
  2 black bears (D:4)
  5 ogres
  A centaur (D:8)
  A phantom (D:5)
  3 kobold brigands
  A gnoll sergeant (D:9)
  6 bullfrogs
  3 scorpions
  4 killer bees (D:7)
  2 howler monkeys
  3 hounds
  A gnoll bouda (D:8)
  A jelly (D:5)
  7 orc priests
  Terence (D:2)
  9 orc wizards
  7 iguanas
  Robin (D:3)
  12 gnolls
  4 adders
  2 shadow imps (D:7)
  A white imp (D:7)
  3 ufetubi
  2 worms
  4 dart slugs
  54 orcs
  2 ball pythons
  2 endoplasms
  3 giant cockroaches
  8 goblins
  11 hobgoblins
  13 jackals
  3 quokkas
  6 bats
  6 frilled lizards
  24 kobolds
  7 rats
258 creatures vanquished.

Vanquished Creatures (others)
  An orc (D:6)
1 creature vanquished.

Grand Total: 259 creatures vanquished

Notes
Turn   | Place    | Note
-------+----------+-------------------------------------------
     0 | D:1      | groda1 the Troll Berserker began the quest for the Orb.
     0 | D:1      | Reached XP level 1. HP: 22/22 MP: 0/0
    91 | D:1      | Reached XP level 2. HP: 29/29 MP: 1/1
   208 | D:1      | Found a faded altar of an unknown god.
   457 | D:2      | Noticed Terence
   465 | D:2      | Reached XP level 3. HP: 36/36 MP: 2/2
   474 | D:2      | Killed Terence
   870 | D:2      | Reached XP level 4. HP: 45/45 MP: 3/3
  1657 | D:3      | Reached ** piety under Trog
  1660 | D:3      | Found a bloodstained altar of Trog.
  1666 | D:3      | Noticed Robin
  1881 | D:3      | Killed Robin
  1882 | D:3      | Reached skill level 4 in Unarmed Combat
  2232 | D:4      | Reached XP level 5. HP: 36/53 MP: 4/4
  2345 | D:4      | Noticed a black bear
  2345 | D:4      | Noticed a black bear
  2353 | D:4      | Killed a black bear
  2354 | D:4      | Reached XP level 6. HP: 62/62 MP: 5/5
  2657 | D:4      | Reached skill level 5 in Unarmed Combat
  2796 | D:4      | Found a stormy altar of Qazlal.
  2801 | D:4      | Reached *** piety under Trog
  2993 | D:5      | Entered Level 5 of the Dungeon
  3043 | D:5      | Reached XP level 7. HP: 70/70 MP: 6/6
  3882 | D:6      | Found a sacrificial altar of Ru.
  3892 | D:6      | Found a staircase to the Ecumenical Temple.
  3897 | D:6      | Noticed Eustachio
  3906 | D:6      | Killed Eustachio
  3907 | D:6      | Reached skill level 5 in Fighting
  3907 | D:6      | Reached skill level 1 in Throwing
  3907 | D:6      | Reached skill level 5 in Dodging
  3907 | D:6      | Reached skill level 6 in Unarmed Combat
  3907 | D:6      | Reached XP level 8. HP: 80/80 MP: 7/7
  3938 | Temple   | Entered the Ecumenical Temple
  4466 | D:6      | Identified the +1 pair of gloves "Evawn" {rN++}
  4871 | D:7      | Reached **** piety under Trog
  5312 | D:7      | Found a burning altar of Makhleb.
  5549 | D:7      | Noticed Maggie
  5559 | D:7      | Killed Maggie
  5560 | D:7      | Reached skill level 1 in Invocations
  5560 | D:7      | Reached XP level 9. HP: 89/89 MP: 7/9
  5755 | D:8      | Reached skill level 7 in Unarmed Combat
  6059 | D:8      | Found an opulent altar of Gozag.
  6059 | D:8      | Found a glowing silver altar of Zin.
  6615 | D:8      | Found a staircase to the Lair.
  6994 | D:9      | Reached skill level 8 in Unarmed Combat
  6994 | D:9      | Reached XP level 10. HP: 43/100 MP: 11/11
  7667 | D:9      | Reached skill level 5 in Throwing
  8286 | D:9      | Found a staircase to the Orcish Mines.
  8299 | Orc:1    | Entered Level 1 of the Orcish Mines
  8759 | Orc:2    | Entered Level 2 of the Orcish Mines
  8763 | Orc:2    | Noticed a cyclops
  8802 | Orc:2    | Found Bahofudi's Assorted Antiques.
  8841 | Orc:2    | Killed a cyclops
  8842 | Orc:2    | Reached skill level 1 in Armour
  8900 | Orc:2    | Bought 3 scrolls of identify for 198 gold pieces
  9021 | Orc:2    | Found a staircase to the Elven Halls.
  9247 | Orc:2    | Noticed an orc sorcerer
  9309 | Orc:2    | Paralysed by an orc sorcerer for 5 turns
  9311 | Orc:2    | Noticed a sun demon
  9461 | Orc:2    | Killed an orc sorcerer
  9462 | Orc:2    | Reached skill level 5 in Invocations
  9612 | Orc:2    | Noticed a two-headed ogre
  9612 | Orc:2    | Noticed a two-headed ogre
  9613 | Orc:2    | Noticed a two-headed ogre
  9613 | Orc:2    | Noticed an ogre mage
  9617 | Orc:2    | Killed a two-headed ogre
  9618 | Orc:2    | Reached skill level 9 in Unarmed Combat
  9618 | Orc:2    | Reached XP level 11. HP: 109/109 MP: 13/13
  9621 | Orc:2    | Killed a two-headed ogre
  9621 | Orc:2    | Noticed a two-headed ogre
  9622 | Orc:2    | Noticed a two-headed ogre
  9622 | Orc:2    | Noticed an ogre mage
  9626 | Orc:2    | Noticed a two-headed ogre
  9628 | Orc:2    | Killed a two-headed ogre
  9665 | Orc:1    | Noticed Josephine
  9989 | Orc:1    | Killed a two-headed ogre
 10027 | Orc:1    | HP: 5/110 [troll (8)]
 10028 | Orc:1    | Slain by an ogre

Illustrated notes

Levels and vault maps discovered:
D:1:      dpeg_arrival_short_road, layout_rooms,
          ebering_ecumenical_altar_abandoned
D:2:      layout_loops_corners, serial_rivers, chequers_serial_rivers_large_a,
          chequers_serial_rivers_micro_d, chequers_serial_rivers_room_b,
          chequers_serial_rivers_micro_a, chequers_serial_rivers_small_3,
          chequers_serial_rivers_small_3, uniq_terence
D:3:      layout_rooms, mainiacjoe_overflow_catwalk, uniq_robin
D:4:      layout_basic, mainiacjoe_overflow_small_starburst, st_stairs_1
D:5:      layout_cave_pools, serial_column_ruins, column_ruins_hut,
          column_ruins_open_small_water, column_ruins_open_tiny,
          column_ruins_grid_1, column_ruins_corridor_corner,
          column_ruins_corridor_dead_end
D:6:      layout_cave_pools, lemuel_crystal_altar, minmay_temple_entry_junction,
          uniq_eustachio
D:7:      layout_loops_ring, mainiacjoe_overflow_brackets, uniq_maggie
D:8:      layout_basic, grunt_temple_overflow_gold_and_silver,
          grunt_lair_entry_orc_guard_hut
D:9:      layout_rooms, david_orc_4
Temple:   jpeg_temple_clearing
Orc:1:    layout_diamond_mine, nicolae_volcano_entry_lava_flow, uniq_josephine
Orc:2:    st_orc_ogre_mass, layout_caves, serial_shops, shop, mines1_david,
          uniq_jorgrun

Skill      XL: |  1  2  3  4  5  6  7  8  9 10 11 |
---------------+----------------------------------+-----
Fighting       | 3 4 5 6 7 |  7.7
Dodging        | 3 4 5 6 |  6.8
Unarmed Combat | 4 5 6 8 9 |  9.3
Throwing       | 1 3 4 6 |  6.4
Invocations    | 1 3 5 |  5.6
Armour         | 2 3 |  3.2

Action                     |  1- 3 |  4- 6 |  7- 9 | 10-12 || total
---------------------------+-------+-------+-------+-------++-------
  Melee: Unarmed           |    88 |   144 |   296 |   244 ||   772
         Punch             |     2 |     5 |     8 |    14 ||    29
  Throw: Large rock        |       |       |     4 |     4 ||     8
 Invoke: Berserk           |     1 |     2 |     7 |     7 ||    17
         Trog's Hand       |       |       |     2 |     2 ||     4
    Use: Scroll            |       |     7 |     7 |     8 ||    22
         Potion            |       |       |     1 |     3 ||     4
 Armour: Animal skin       |    39 |    63 |    77 |       ||   179
         Swamp dragon scal |       |       |    40 |   107 ||   147
  Dodge: Dodged            |    51 |    88 |   191 |   202 ||   532
